AoeStats
← DK_Odysseo

Arabia

508671804Analyzed
1v1 RM · 8d ago on Sep 23, 2026· 35m 10s· 2 players
Game mode
Random Map
Map size
Tiny (2 player)
Population
200
Speed
Normal
Resources
Standard
Victory
Conquest
Starting age
Dark Age
Ending age
Imperial Age
RankedLock teamsTeams togetherTeam positionsShared explorationLock speedFull tech treeHidden civsTurbo modeCheats
Victory
Defeat
🇪🇸 Bohemians · Spain
1894
+16
🇧🇷 Poles · Brazil
1900
-16
DK_Odysseo
6:43 Loom
9:12 Feudal Age
10:01 Double-Bit Axe
12:44 Fletching
20:18 Castle Age
18:22 Horse Collar
18:59 Padded Archer Armor
20:20 Crossbowman
20:56 Bodkin Arrow
21:51 Bow Saw
22:57 Ballistics
23:16 Heavy Plow
25:35 Leather Archer Armor
26:39 Chemistry
29:56 Wheelbarrow
35:01 Imperial Age
35:50 Bracer
GAX | Subzeroaoe
6:33 Loom
8:58 Feudal Age
9:01 Man-at-Arms
11:52 Double-Bit Axe
21:34 Castle Age
20:04 Gold Mining
20:30 Fletching
20:22 Horse Collar
21:37 Crossbowman
22:34 Bodkin Arrow
28:48 Elite Skirmisher
29:33 Padded Archer Armor
32:05 Ballistics
32:30 Leather Archer Armor
Connection lost

Rejoining the realm…

Still unreachable

The connection could not be restored.

Session expired

The server has moved on; the page needs a fresh start.